 Dungeon Crawl Stone Soup version 0.16-a0-3652-g8567522 (webtiles) character file.

1785 ketsa the Thaumaturge (level 8, -7/41 HPs)
             Began as a Deep Elf Ice Elementalist on Jan 16, 2015.
             Mangled by an ice beast (14 damage)
             ... on level 7 of the Dungeon.
             The game lasted 00:48:53 (11375 turns).

ketsa the Thaumaturge (Deep Elf Ice Elementalist)  Turns: 11375, Time: 00:48:53

Health: -7/41      AC: 16    Str:  5    XL:     8   Next: 81%
Magic:  14/27      EV: 13    Int: 23    God:
Gold:   160        SH:  0    Dex: 15    Spells: 6 memorised, 5 levels left

rFire  . . .     SeeInvis .     p - +2 mace (protect)
rCold  . . .     Clarity  +     a - +0 robe
rNeg   . . .     SustAb   .     (no shield)
rPois  .         Gourm    .     D - +0 helmet
rElec  .         Spirit   .     H - +0 cloak (curse)
rCorr  .         Warding  .     (no gloves)
rMut   .         Stasis   .     (no boots)
MR     .....                    l - amulet of clarity
Stlth  ++........               (no ring)
                                F - ring of wizardry

@: icy armour, not resistant to hostile enchantments, unstealthy
A: no striking features
a: no special abilities


You were on level 7 of the Dungeon.
You were not hungry.

You visited 1 branch of the dungeon, and saw 7 of its levels.

You collected 160 gold pieces.

Inventory:

Hand weapons
 f - a +0 dagger
 m - a cursed +0 dagger
 n - a +0 spear
 o - a cursed +0 dagger
 p - a +2 mace of protection (weapon)
 r - a +0 short sword
 u - a +0 blowgun
 v - a +0 dagger
 B - a +0 short sword
Missiles
 d - 20 steel sling bullets
 e - 19 sling bullets
 g - 53 stones (quivered)
 t - 10 poisoned sling bullets
 z - 12 poisoned needles
Armour
 a - a +0 robe (worn)
 s - a +0 leather armour
 D - a +0 helmet (worn)
 H - a cursed +0 cloak (worn)
Jewellery
 l - an amulet of clarity (around neck)
 F - a ring of wizardry (left hand)
Magical devices
 i - a wand of random effects (19)
 w - a wand of enslavement (1)
Scrolls
 x - 4 scrolls of identify
 y - a scroll of blinking
 C - a scroll of remove curse
Potions
 b - a potion of restore abilities
 h - a potion of heal wounds {unknown}
 j - 2 potions of beneficial mutation {unknown}
 k - 3 potions of agility
 A - a potion of lignification {unknown}
 G - a potion of brilliance {unknown}
 I - a potion of curing {unknown}
 J - a potion of poison {unknown}
Books
 E - a book of Frost

   Spells                             Type                      Level
   a - Freeze                         Ice                          1
   b - Throw Frost                    Conjuration/Ice              2
   c - Ozocubu's Armour               Charms/Ice                   3
   d - Throw Icicle                   Conjuration/Ice              4
   e - Summon Ice Beast               Ice/Summoning                4
   f - Condensation Shield            Ice                          4
Comestibles
 c - 4 bread rations
 q - 2 meat rations
 K - 2 chunks of flesh


   Skills:
 - Level 2.4 Dodging
 - Level 2.4 Stealth
 + Level 8.0 Spellcasting
 + Level 7.1 Conjurations
 + Level 4.3 Charms
 + Level 3.5 Summonings
 + Level 7.0 Ice Magic


You had 5 spell levels left.
You knew the following spells:

 Your Spells              Type           Power        Failure   Level  Hunger
a - Freeze                Ice            ####         1%          1    None
b - Throw Frost           Conj/Ice       #####.       1%          2    None
c - Throw Icicle          Conj/Ice       #####...     1%          4    ###....
d - Ozocubu's Armour      Chrm/Ice       #####...     1%          3    None
e - Summon Ice Beast      Ice/Summ       ####....     4%          4    ###....
f - Condensation Shield   Ice            #####.....   1%          4    ###....


Dungeon Overview and Level Annotations

Branches:
Dungeon (7/15)
 Temple: D:4-7

Altars:
Dithmenos
Gozag
Trog
Yredelemnul

Shops:
D:4 [   D:5 *   D:6 %

Annotations:
D:7 Joseph


Message History

A chill wind blows around you.
Joseph zaps a wand.
You easily resist.
The ice beast barely misses you.
You closely miss the ice beast.
The ice beast is severely wounded.
Joseph zaps a wand.
You easily resist.
The ice beast hits you but does no damage.
Your ice beast hits the ice beast but does no damage.
Joseph zaps a wand.
You easily resist.
You hit the ice beast.
The ice beast is severely wounded.
The ice beast hits you but does no damage.
Your ice beast hits the ice beast but does no damage.
Joseph unwields an uncursed hunting sling of velocity.
Joseph wields an uncursed quarterstaff of protection.
Joseph hits you with an uncursed quarterstaff of protection!
* * * LOW HITPOINT WARNING * * *
The ice beast hits you.
* * * LOW HITPOINT WARNING * * *
The ice beast freezes you!
You die...

#..#####...##
#.......##
##...##...##
#......##
##......##
##....##
##....##
##^..# #....#
#...# #....##
##..##
#.....##
#...#
#..##.YY##
##..##
#...#####@Y#
#...## g..#
##@.# ##...#
.. ...# ##..#
##..# ##.#
#..# ### ...
.


You could see Joseph, an ice beast and 2 friendly ice beasts.

Vanquished Creatures
  A hungry ghost (D:7)
  A sky beast (D:6)
  An ice beast (D:6)
  A necrophage (D:7)
  A phantom (D:6)
  6 orc priests
  A giant frog zombie (D:6)
  5 human zombies (D:7)
  A crimson imp (D:4)
  A wasp zombie (D:7)
  3 iguanas (D:6)
  9 orc wizards
  Natasha (thrice) (D:3)
  4 hounds
  5 worker ants
  A hound skeleton (D:4)
  A mummy (D:7)
  Robin (D:3)
  5 adders
  3 gnolls (D:5)
  2 shadow imps
  2 giant mites
  A worm (D:2)
  An adder skeleton (D:4)
  4 giant geckos
  21 orcs
  A ball python (D:3)
  A bat skeleton (D:4)
  A bat zombie (D:5)
  A giant cockroach (D:4)
  22 goblins
  10 hobgoblins
  3 jackals (D:2)
  An ooze (D:1)
  6 quokkas
  10 bats
  8 giant newts
  15 kobolds
  A quokka skeleton (D:6)
  20 rats
185 creatures vanquished.

Vanquished Creatures (collateral kills)
  A necrophage (D:7)
  A troll zombie (D:7)
  A human zombie (D:7)
  A giant mite (D:6)
  An orc skeleton (D:7)
  An orc zombie (D:7)
6 creatures vanquished.

Vanquished Creatures (others)
  2 ice beasts (D:7)
  An orc wizard (D:7)
3 creatures vanquished.

Grand Total: 194 creatures vanquished

Notes
Turn   | Place    | Note
--------------------------------------------------------------
     0 | D:1      | ketsa, the Deep Elf Ice Elementalist, began the quest for the Orb.
     0 | D:1      | Reached XP level 1. HP: 10/10 MP: 5/5
   175 | D:1      | Reached XP level 2. HP: 15/15 MP: 1/8
   438 | D:1      | Reached skill level 4 in Spellcasting
   648 | D:1      | Learned a level 2 spell: Throw Frost
  1253 | D:1      | Reached XP level 3. HP: 17/19 MP: 6/12
  1810 | D:2      | Found a bloodstained altar of Trog.
  2426 | D:3      | Reached XP level 4. HP: 22/24 MP: 7/15
  2622 | D:3      | Noticed Natasha
  2632 | D:3      | Killed Natasha
  2930 | D:3      | Noticed Natasha
  2946 | D:3      | Killed Natasha
  3109 | D:3      | Reached skill level 5 in Spellcasting
  3130 | D:3      | Reached XP level 5. HP: 28/28 MP: 15/19
  3184 | D:3      | Noticed Robin
  3269 | D:3      | Noticed Natasha
  3270 | D:3      | Killed Natasha
  3476 | D:3      | Killed Robin
  3476 | D:3      | Reached skill level 5 in Ice Magic
  3851 | D:4      | Noticed an ogre
  3855 | D:5      | Entered Level 5 of the Dungeon
  4050 | D:4      | Reached XP level 6. HP: 21/32 MP: 19/21
  4493 | D:4      | Found Vuimack's Armour Boutique.
  4922 | D:4      | Reached skill level 6 in Spellcasting
  5632 | D:5      | Found Gozag's Nutrition Petition.
  5634 | D:5      | Reached skill level 5 in Conjurations
  5634 | D:5      | Reached XP level 7. HP: 32/36 MP: 19/24
  5661 | D:5      | Found an opulent altar of Gozag.
  5799 | D:5      | You fall through a shaft for 2 floors!
  5799 | D:7      | Noticed Joseph
  6918 | D:5      | Found a shadowy altar of Dithmenos.
  7775 | D:5      | Learned a level 4 spell: Throw Icicle
  7779 | D:5      | Learned a level 3 spell: Ozocubu's Armour
  7784 | D:5      | Learned a level 4 spell: Summon Ice Beast
  7789 | D:5      | Learned a level 4 spell: Condensation Shield
  8366 | D:5      | Reached skill level 7 in Spellcasting
  8421 | D:5      | Reached skill level 1 in Charms
  8544 | D:5      | Reached skill level 1 in Summonings
  8634 | D:6      | Reached XP level 8. HP: 41/41 MP: 13/26
  8689 | D:6      | Found Grosail's Food Shop.
 10751 | D:7      | Found a basalt altar of Yredelemnul.
 11184 | D:7      | Reached skill level 8 in Spellcasting
 11375 | D:7      | Mangled by an ice beast

Action                   |  1- 3 |  4- 6 |  7- 9 || total
-------------------------+-------+-------+-------++-------
Melee: Mace              |    15 |    90 |   209 ||   314
       Dagger            |     1 |       |       ||     1
       Short sword       |       |    51 |       ||    51
Throw: Stone             |     1 |     5 |       ||     6
 Cast: Freeze            |    55 |    53 |    91 ||   199
       Throw Frost       |     8 |    38 |    46 ||    92
       Throw Icicle      |       |       |    17 ||    17
       Summon Ice Beast  |       |       |    10 ||    10
       Ozocubu's Armour  |       |       |     2 ||     2
       Condensation Shie |       |       |     1 ||     1
  Use: Potion            |       |     5 |     1 ||     6
       Scroll            |       |     7 |     2 ||     9
 Stab: Distracted        |       |       |     2 ||     2
       Sleeping          |       |       |     1 ||     1
  Eat: Chunk             |     5 |     8 |     6 ||    19
       Pizza             |       |     1 |       ||     1
       Meat ration       |       |       |     3 ||     3
       Beef jerky        |       |       |     1 ||     1
